 Dungeon Crawl Stone Soup version 0.24.1-1-gd1d2a07e1b (webtiles) character file.

Game seed: 7223747189678733234, levelgen mode: deterministic

17 Upalonymistrz the Firebug (level 2, -2/19 HPs)
             Began as a Demonspawn Wanderer on Apr 9, 2020.
             Slain by Sigmund
             ... wielding a +0 scythe
              (12 damage)
             ... on level 2 of the Dungeon.
             The game lasted 00:09:28 (1282 turns).

Upalonymistrz the Firebug (Demonspawn Wanderer)     Turns: 1282, Time: 00:09:28

Health: -2/19      AC:  2    Str: 12    XL:     2   Next: 44%
Magic:  1/4        EV: 12    Int: 15    God:
Gold:   46         SH:  0    Dex: 10    Spells: 0/3 levels left

rFire    + . .     SeeInvis .   s - +0 dagger
rCold    . . .     Gourm    .   (no shield)
rNeg     . . .     Faith    .   d - +0 robe
rPois    .         Spirit   .   (no helmet)
rElec    .         Reflect  .   (no cloak)
rCorr    .         Harm     .   (no gloves)
MR       .....                  (no boots)
Stlth    +.........             (no amulet)
HPRegen  0.06/turn              (no ring)
MPRegen  0.09/turn              (no ring)

@: confused
A: fire resistance 1
a: no special abilities


You were on level 2 of the Dungeon.
You were hungry.

You visited 1 branch of the dungeon, and saw 2 of its levels.

You collected 46 gold pieces.

Inventory:

Hand Weapons
 a - a +0 club
 b - a +0 mace
 i - a +0 mace
 o - a +0 mace
 s - a +0 dagger (weapon)
Armour
 d - a +0 robe (worn)
 k - a +0 robe
Jewellery
 m - an uncursed ring of resist corrosion {unknown}
Scrolls
 g - 3 scrolls of enchant armour {unknown}
 h - a scroll of identify {unknown}
 j - a scroll of random uselessness {unknown}
 r - a scroll of fog {unknown}
 t - a scroll of enchant weapon {unknown}
Potions
 c - 3 potions of curing {unknown}
 e - a potion of lignification {unknown}
 l - a potion of mutation {unknown}
 n - a potion of degeneration {unknown}
 p - a potion of might {unknown}
 q - a potion of brilliance {unknown}
Comestibles
 f - 4 rations


   Skills:
 + Level 0.1 Fighting
 + Level 1.0 Short Blades
 + Level 0.1 Maces & Flails
 - Level 1.0 Throwing
 * Level 1.2 Dodging
 - Level 1.0 Stealth
   Level 1.0 Shields
 * Level 1.3 Spellcasting
 * Level 0.1 Conjurations
   Level 1.0 Transmutations
 + Level 3.1 Fire Magic


You couldn't memorise any spells.
You knew the following spells:

 Your Spells              Type           Power        Failure   Level  Hunger
a - Flame Tongue          Conj/Fire      #....        12%         1    ##.....
b - Throw Flame           Conj/Fire      #.....       19%         2    ###....

Your spell library contained the following spells:

 Spells                   Type           Power        Failure   Level  Hunger
 Beastly Appendage        Tmut           #.....       16%         1    ##.....
 Sticks to Snakes         Tmut           #.......     24%         2    ###....
 Passwall                 Tmut/Erth      #.......     28%         2    ###....
 Conjure Flame            Conj/Fire      #.......     36%         3    ####...
 Inner Flame              Hex/Fire       #.......     36%         3    ####...
 Ignite Poison            Fire/Tmut/Pois #.......     38%         3    ####...
 Sticky Flame             Conj/Fire      #.......     77%         4    #####..
 Fireball                 Conj/Fire      #.........   98%         5    ######.


Dungeon Overview and Level Annotations

Branches:
Dungeon (2/15)

Altars:

Annotations:
D:2 Sigmund


Innate Abilities, Weirdness & Mutations

Your flesh is heat resistant. (rF+)


Message History

Casting: Throw Flame (safe; 19% risk of failure)
Confirm with . or Enter, or press ? or * to list all spells.
Aiming: Throw Flame (safe; 19% risk of failure)
Press: ? - help, Shift-Dir - straight line, f/p - Sigmund
Aim: Sigmund, wielding a +0 scythe and wearing a +0 robe (lightly wounded)
The puff of flame misses Sigmund.
Sigmund gestures at you while chanting. The puff of flame hits you. You resist.
Sigmund is suddenly surrounded by pale green light.
Sigmund casts a spell.
Sigmund flickers and vanishes!
Deactivating autopickup; reactivate with Ctrl-A.
A magic dart appears from out of thin air!
The magic dart hits you.
You are confused.
You bump into the rock wall.
You bump into the rock wall.
Something hits you.
You bump into the rock wall.
Something hits you!
Ouch! That really hurt!
You die...

#.##.# #.##.# ...###
###### #.##.. .....#
#....# #.####
..#.#####.##.########.....
..........................
#.#.# ###.##.############.
#.#.#####.##.# #.
###.#......@#..##### #.
+...................# #.
###....######.#...... #.
####.# ..#.###.# #. #.#
####.# # #. ..# .# #. ###
.# #.


There were no monsters in sight!

Vanquished Creatures
  A dart slug (D:1)
  A goblin (D:1)
  4 hobgoblins (D:1)
  A kobold (D:1)
  2 ball pythons (D:1)
  4 bats
  A rat (D:1)
14 creatures vanquished.

Notes
Turn   | Place    | Note
-------+----------+-------------------------------------------
     0 | D:1      | Upalonymistrz the Demonspawn Wanderer began the quest for
                  | the Orb.
     0 | D:1      | Upalonymistrz set off with the following items: a +0 club,
                  | a +0 robe, a ration; and the following spells available to
                  | memorise: Flame Tongue, Beastly Appendage, Throw Flame,
                  | Sticks to Snakes, Passwall, Conjure Flame, Inner Flame,
                  | Ignite Poison, Sticky Flame, Fireball
     0 | D:1      | Reached XP level 1. HP: 13/13 MP: 2/2
     3 | D:1      | Learned a level 1 spell: Flame Tongue
   275 | D:1      | Reached skill level 3 in Fire Magic
   603 | D:1      | Gained mutation: Your flesh is heat resistant. (rF+)
                  | [demonic ancestry]
   603 | D:1      | Reached XP level 2. HP: 19/19 MP: 0/3
   779 | D:1      | Learned a level 2 spell: Throw Flame
  1266 | D:2      | Noticed Sigmund
  1282 | D:2      | Slain by Sigmund

Levels and vault maps discovered:
D:1:      dpeg_chamrin_arrival_tetris, layout_rooms, serial_glass,
          glass_columns_a, glass_columns_a, glass_columns_b, glass_columns_a,
          glass_columns_a, minmay_misc_feat_tower
D:2:      layout_basic, overflow_temple_1_default, uniq_sigmund

Skill      XL: |  1 |
---------------+----+-----
Fire Magic     | 3 |  3.1
Fighting       | |  0.1
Short Blades   | |  1.0
Maces & Flails | |  0.1
Throwing       | |  1.0
Dodging        | |  1.2
Stealth        | |  1.0
Shields        | |  1.0
Spellcasting   | |  1.3
Conjurations   | |  0.1
Transmutations | |  1.0

Action                   || total
-------------------------++-------
Melee: Mace              ||    13
 Cast: Flame Tongue      ||    17
       Throw Flame       ||     4
  Eat: Chunk             ||     1
Armor: Robe              ||     5
Dodge: Dodged            ||    21
